 Dungeon Crawl Stone Soup version 0.21-a0-1-gaf3b9a5 (webtiles) character file.

42 MTVSty1e the Ducker (level 3, -3/42 HPs)
             Began as a Demonspawn Gladiator on May 20, 2017.
             Killed from afar by Sigmund (7 damage)
             ... with a puff of flame
             ... on level 2 of the Dungeon.
             The game lasted 00:04:27 (1051 turns).

MTVSty1e the Ducker (Demonspawn Gladiator)          Turns: 1051, Time: 00:04:27

Health: -3/42      AC: 21    Str: 17    XL:     3   Next: 35%
Magic:  0/3        EV:  2    Int: 12    God:
Gold:   118        SH:  0    Dex: 16    Spells: 2/2 levels left

rFire    . . .     SeeInvis .   a - +0 war axe
rCold    . . .     Gourm    .   (no shield)
rNeg     + + +     Faith    .   (armour currently unavailable)
rPois    +         Spirit   +   (helmet currently unavailable)
rElec    .         Reflect  .   (cloak currently unavailable)
rCorr    .         Harm     .   (gloves currently unavailable)
MR       .....     NoTele   +   (boots currently unavailable)
Stlth    +.........             i - amulet of guardian spirit
Regen    0.0/turn               (no ring)
MPRegen  0.1/turn               j - +3 ring of intelligence

@: tree-form, very slightly contaminated, invisible
A: rugged brown scales 1, agile 1, high mp 1, powered by death 1, inhibited
regeneration, strong 1
a: no special abilities


You were on level 2 of the Dungeon.
You were hungry.
You were a tree.
You visited 1 branch of the dungeon, and saw 2 of its levels.

You collected 118 gold pieces.

Inventory:

Hand Weapons
 a - a +0 war axe (weapon)
Missiles
 d - 3 throwing nets (quivered)
Armour
 b - a +0 leather armour
 c - a +1 helmet (melded)
 h - a +0 ring mail (melded)
Jewellery
 i - an amulet of guardian spirit (around neck)
 j - a +3 ring of intelligence (right branch)
Scrolls
 m - a scroll of teleportation {unknown}
 n - a scroll of fog {unknown}
Comestibles
 f - 3 bread rations


   Skills:
 * Level 2.9 Fighting
 + Level 2.9 Axes
 - Level 1.7 Throwing
 + Level 0.6 Armour
 + Level 3.1 Dodging


You had 2 spell levels left.
You didn't know any spells.

Dungeon Overview and Level Annotations

Branches:
Dungeon (2/15)

Altars:
Zin

Annotations:
D:2 Sigmund


Innate Abilities, Weirdness & Mutations

(You are partially covered in rugged brown scales. (AC +1, +3% HP))
You regenerate a little health from kills.
You are agile. (Dex +2)
You have an increased reservoir of magic. (+10% MP)
You do not regenerate when monsters are visible.
Your muscles are strong. (Str +2)


Message History

You closely miss something. Something completely misses you.
Okay, then.
It was a potion of magic.
Magic courses through your body.
Sigmund appears from thin air!
Reactivating autopickup.
Sigmund gestures at you while chanting. The puff of flame hits you!
* * * LOW HITPOINT WARNING * * *
It was a potion of invisibility.
You fade into invisibility!
Sigmund hits you but does no damage.
You are very lightly contaminated with residual magic.
It was a potion of lignification.
You turn into a tree.
Your +1 helmet melds into your body.
Your +0 ring mail melds into your body.
Your roots penetrate the ground.
Sigmund barely misses you.
You hit Sigmund.
Sigmund is lightly wounded.
Sigmund gestures at you while chanting. The puff of flame hits you!
You die...

#.......................
.#####.############†...
# #.# #.### # #.#
###.### # #.#######
#...... #### #.#.....#
#...... ...# #.#.....#
#...... ...# #@#.....#
#...... ...# .
#♣#.....####...... ...#
.# #.#.....'..)......
##### ..#
#.#.....########## ....+
..# ##..............
#####...# ##.......#####
........# ###.###.#
...##...# #. #.# ##.## #
.. #.# ....## ## #.#


You could see Sigmund.

Vanquished Creatures
  An adder (D:2)
  An ooze (D:2)
  A worm (D:2)
  A giant cockroach (D:1)
  6 goblins (D:1)
  2 hobgoblins (D:1)
  4 kobolds
  A ball python (D:1)
  3 bats (D:1)
  2 frilled lizards
  8 rats
30 creatures vanquished.

Notes
Turn   | Place    | Note
-------+----------+-------------------------------------------
     0 | D:1      | MTVSty1e the Demonspawn Gladiator began the quest for the Orb.
     0 | D:1      | Reached XP level 1. HP: 16/16 MP: 1/1
   168 | D:1      | Gained mutation: You are partially covered in rugged brown scales. (AC +1, +3% HP) [demonic ancestry]
   168 | D:1      | Reached XP level 2. HP: 15/23 MP: 2/2
   405 | D:1      | Reached skill level 3 in Dodging
   805 | D:2      | Found a glowing silver altar of Zin.
   892 | D:2      | Gained mutation: You regenerate a little health from kills. [demonic ancestry]
   892 | D:2      | Reached XP level 3. HP: 19/28 MP: 1/3
   936 | D:2      | Noticed Sigmund
  1044 | D:2      | Gained mutation: You have an increased reservoir of magic. (+10% MP) [potion of mutation]
  1044 | D:2      | Gained mutation: You are agile. (Dex +2) [potion of mutation]
  1044 | D:2      | Gained mutation: You do not regenerate when monsters are visible. [potion of mutation]
  1044 | D:2      | Gained mutation: Your muscles are strong. (Str +2) [potion of mutation]
  1051 | D:2      | Killed from afar by Sigmund

Vault maps used:
D:1:      minmay_arrival_four_houses, minmay_nonomino_d4
D:2:      lemuel_round_altar, led_sif_pool, uniq_sigmund

Skill      XL: |  1  2 |
---------------+-------+-----
Dodging        | 3 |  3.1
Fighting       | |  2.9
Axes           | |  2.9
Throwing       | |  1.7
Armour         | |  0.6

Action                   || total
-------------------------++-------
Melee: War axe           ||    98
  Use: Scroll            ||     3
       Potion            ||     4
Armor: Leather armour    ||     8
       Ring mail         ||    30
Dodge: Dodged            ||    55
